 Dungeon Crawl Stone Soup version 0.32-a0-814-g0968bab981 (webtiles) character file.

Game seed: 3752792841330912233

58 Orlauf the Trooper (level 3, -7/29 HPs)
             Began as a Demonspawn Gladiator on Mar 22, 2024.
             Mangled by a gnoll
             ... wielding a +0 halberd
             ... led by a gnoll bouda
              (9 damage)
             ... on level 3 of the Dungeon.
             The game lasted 00:01:45 (1585 turns).

Orlauf the Trooper (Demonspawn Gladiator)           Turns: 1585, Time: 00:01:46

Health: -7/29      AC: 14    Str: 16    XL:     3   Next: 75%
Magic:  1/3        EV: 10    Int:  8    God:
Gold:   118        SH:  0    Dex: 14    Spells: 2/2 levels left

rFire   . . .        a - +0 war axe (protect)
rCold   . . .        (no shield)
rNeg    . . .        j - +0 ring mail
rPois   .            c - +1 helmet
rElec   .            (no cloak)
rCorr   +            (no gloves)
SInv    .            (no boots)
Will    +....        (no amulet)
Stlth   +            g - ring of resist corrosion
HPRegen 0.24/turn    h - ring of willpower
MPRegen 0.08/turn

%: no passive effects
@: weakened, under a protective aura, invisible
A: weakness stinger 1
a: no special abilities


You were on level 3 of the Dungeon.
You visited 1 branch of the dungeon, and saw 3 of its levels.

You collected 118 gold pieces.

Inventory:

Hand Weapons
 a - a +0 war axe of protection (weapon)
 b - a +0 trident
Missiles
 d - 3 throwing nets (quivered)
 e - a javelin
Armour
 c - a +1 helmet (worn)
 j - a +0 ring mail (worn)
Jewellery
 g - a ring of resist corrosion (left hand)
 h - a ring of willpower (right hand)
Wands
 f - a wand of warping (7)
 k - a wand of paralysis (9)
Scrolls
 i - a scroll of enchant armour


   Skills:
 * Level 3.5 Fighting
 + Level 3.3 Axes
 - Level 1.7 Throwing
 - Level 2.6 Dodging


You had 2 spell levels left.
You didn't know any spells.
Your spell library contained the following spells:

 Spells                   Type           Power      Damage    Failure   Level
 Apportation              Tloc           0%         N/A       63%         1
 Sting                    Conj/Alch      0%         1d3       63%         1
 Jinxbite                 Hex            0%         N/A       77%         2
 Mercury Vapours          Alch/Air       0%         N/A       77%         2
 Olgreb's Toxic Radiance  Alch           0%         N/A       100%        4
 Alistair's Intoxication  Alch           0%         N/A       100%        5


Dungeon Overview and Level Annotations

Branches:
Dungeon (3/15)

Altars:


Innate Abilities, Weirdness & Mutations

You have a small tail.


Message History

It is a scroll of enchant armour.
Your +0 helmet glows green for a moment.
There is a stone staircase leading down here.
You climb downwards.
There is a stone staircase leading up here.
A gnoll comes into view. It is wielding a +0 halberd.
The gnoll shouts!
You hear a shout! x2
A gnoll bouda comes into view. It is wielding a +0 whip.
A gnoll comes into view.
It is wielding a +0 halberd. 2 gnolls come into view.
A gnoll is wielding a +2 antimagic halberd.
The gnoll bouda barks out a call to the hunt!
The gnolls pick up the pace!
You closely miss the gnoll. The gnoll hits you with a +0 halberd.
The gnoll closely misses you.
You barely miss the gnoll. You hit the gnoll but do no damage.
Your weapon exudes an aura of protection.
The gnoll hits you from afar with a +2 antimagic halberd.
You feel your power leaking away. The gnoll hits you with a +0 flail.
The gnoll hits you with a +0 halberd! The gnoll closely misses you.
The gnoll bouda gazes fiercely through you!
You feel your attacks grow feeble.
The gnoll barely misses you. x2; The gnoll closely misses you.
The gnoll hits you from afar with a +0 halberd.
It was a potion of invisibility.
You fade into invisibility!
The gnoll hits you but does no damage. The gnoll closely misses you.
The gnoll barely misses you. The gnoll closely misses you.
You hit the gnoll but do no damage.
Your tail-slap misses the gnoll.
You catch the helpless gnoll completely off-guard!
You hit the gnoll. The gnoll hits you with a +0 flail!
* * * LOW HITPOINT WARNING * * *
The gnoll closely misses you. The gnoll barely misses you.
You strike the helpless gnoll from behind!
You slash the gnoll!
The gnoll is heavily wounded.
You closely miss the gnoll. The gnoll barely misses you. x2
The gnoll hits you from afar with a +0 halberd!
You die...

##. ..# .. ...
#.. #.#
###..##.#.#
....g...#.# #.#
.....g..#.###.#
#..ggg......#
#@#.# #.# #.#.#
#.# #.#.# #.#
##.###.#.###.##
...............#
....###.#.###.##
## ##.#.###.##
.........#
##.#.###.#.###.##


You could see a gnoll bouda (unable to see you) and 4 gnolls.

Vanquished Creatures
  An adder (D:2)
  2 ribbon worms (D:2)
  3 ball pythons
  3 endoplasms
  4 giant cockroaches (D:1)
  5 goblins
  3 hobgoblins (D:1)
  4 jackals (D:1)
  7 kobolds
  A quokka (D:1)
  5 bats
  A frilled lizard (D:1)
  2 rats (D:2)
41 creatures vanquished.

Notes
Turn   | Place    | Note
-------+----------+-------------------------------------------
     0 | D:1      | Orlauf the Demonspawn Gladiator began the quest for the
                  | Orb.
     0 | D:1      | Reached XP level 1. HP: 16/16 MP: 1/1
   178 | D:1      | Gained mutation: You have a small tail. [demonic ancestry]
   178 | D:1      | Reached XP level 2. HP: 17/23 MP: 2/2
   343 | D:1      | Reached XP level 3. HP: 28/29 MP: 3/3
  1585 | D:3      | Mangled by a gnoll

Illustrated notes

Levels and vault maps discovered:
D:1:      dpeg_arrival_castle, layout_rooms
D:2:      layout_basic
D:3:      layout_basic, ebering_ecumenical_altar_sacrificial

Skill      XL: |  1  2 |
---------------+-------+-----
Axes           | 3 |  3.3
Fighting       | 3 |  3.5
Throwing       | |  1.7
Dodging        | |  2.6

Action                     || total
---------------------------++-------
  Melee: War axe           ||    79
         Tailslap          ||     4
    Use: Scroll            ||     3
         Potion            ||     1
   Stab: Invisible         ||     2
 Armour: Leather armour    ||    49
         Ring mail         ||    18
  Dodge: Dodged            ||    68

Table legend: (Time is in decaauts)
 A = Elapsed time spent in this place.
 B = Non-inter-level travel time spent in this place.
 C = Inter-level travel time spent in this place.
 D = Time resting spent in this place.
 E = Time spent auto-exploring this place.
 F = Levels seen in this place.
 G = Mean time per level.
                   A        B        C        D        E       F      G
               +--------+--------+--------+--------+--------+-----+--------+
         Total |   1617 |   1518 |     99 |    257 |    994 |   3 |  539.0 |
       Dungeon |   1617 |   1518 |     99 |    257 |    994 |   3 |  539.0 |
               +--------+--------+--------+--------+--------+-----+--------+

Top non-repeatable levels by time:
     D:1: 860 daAuts
     D:2: 712 daAuts
     D:3: 44 daAuts
